 Dungeon Crawl Stone Soup version 0.31-a0-667-g39726597b9 (webtiles) character file.

Game seed: 13316365830315497081

168 garrulousMonolith the Shooter (level 5, 0/45 HPs)
             Began as a Minotaur Hunter on Sept 3, 2023.
             Was an Initiate of Okawaru.
             Slain by a water moccasin (1 damage)
             ... on level 4 of the Dungeon.
             The game lasted 00:04:13 (2359 turns).

garrulousMonolith the Shooter (Minotaur Hunter)     Turns: 2359, Time: 00:04:14

Health: 0/45       AC: 14    Str: 14 (17) XL:     5   Next: 24%
Magic:  4/4        EV:  7    Int:  5 (6)  God:    Okawaru [......]
Gold:   149        SH:  0    Dex: 12 (14) Spells: 4/4 levels left

rFire   . . .        b - +1 dagger (venom)
rCold   . . .        (no shield)
rNeg    + . .        x - +0 chain mail
rPois   .            (helmet restricted)
rElec   .            (no cloak)
rCorr   .            d - +0 pair of gloves
SInv    .            C - +0 pair of boots
Will    .....        (no amulet) Stlth
                     g - ring of positive energy
HPRegen 0.27/turn    j - +4 ring of protection
MPRegen 0.09/turn

%: no passive effects
@: confused, lethally poisoned (0 -> -17), ambrosia-drunk, attractive, hasted,
very quick
A: horns 2, retaliatory headbutt
a: Renounce Religion


You were on level 4 of the Dungeon.
You worshipped Okawaru.
Okawaru was noncommittal.
You visited 2 branches of the dungeon, and saw 5 of its levels.

You collected 149 gold pieces.

Inventory:

Hand Weapons
 a - a +0 shortbow
 b - a +1 dagger of venom (weapon)
 l - a +0 spear
Missiles
 p - 2 poisoned darts
Armour
 d - a +0 pair of gloves (worn)
 x - a +0 chain mail (worn)
 C - a +0 pair of boots (worn)
Jewellery
 g - a ring of positive energy (left hand)
 j - a +4 ring of protection (right hand)
 u - a ring of positive energy
Talismans
 k - a beast talisman
Wands
 w - a wand of polymorph (8)
Scrolls
 e - a scroll of vulnerability
 f - a scroll of torment {unknown}
 h - a scroll of enchant weapon {unknown}
 i - a scroll of noise {unknown}
 n - a scroll of brand weapon {unknown}
 t - a scroll of identify {unknown}
 y - a scroll of butterflies
 z - 2 scrolls of blinking {unknown}
 A - a scroll of acquirement {unknown}
 B - a scroll of teleportation
Potions
 c - a potion of might {unknown}
 m - 2 potions of haste
 s - a potion of lignification {unknown}


   Skills:
 + Level 3.4 Fighting
 * Level 5.5 Ranged Weapons
 + Level 2.0 Armour
 + Level 3.1 Dodging
 + Level 1.9 Stealth
 + Level 0.2 Invocations


You had 4 spell levels left.
You didn't know any spells.
Your spell library contained the following spells:

 Spells                   Type           Power      Damage    Failure   Level
 Necrotise                Necr           0%         1d4       100%        1
 Vampiric Draining        Necr           0%         2d6       100%        3
 Agony                    Necr           0%         N/A       100%        5


Dungeon Overview and Level Annotations

Branches:
Dungeon (4/15)             Temple (1/1) D:4

Altars:
Cheibriados
Fedhas
Gozag
Makhleb
Nemelex Xobeh
Okawaru
Ru
Sif Muna
Trog
Vehumet
Wu Jian
Xom
Yredelemnul
Zin

Annotations:
D:3 2 transporters, justen's ghost, amateur MfSh


Innate Abilities, Weirdness & Mutations

You have a pair of horns on your head.
You reflexively headbutt those who attack you in melee.


Message History

The water moccasin bites you but does no damage.
You bump into the rock wall.
You feel sick. The water moccasin bites you.
You are more poisoned.
The water moccasin poisons you!
You bump into the rock wall.
You feel very sick. The water moccasin bites you!
You are lethally poisoned!
The water moccasin poisons you!
You feel very sick.
You bump into the rock wall.
You feel less invigorated.
You feel less confused.
You feel very sick. The water moccasin bites you.
* * * LOW HITPOINT WARNING * * *
It was a potion of degeneration.
There was something very wrong with that liquid.
You feel weakened.
You feel dopey.
You feel clumsy.
* * * LOW HITPOINT WARNING * * *
You feel very sick.
The water moccasin bites you but does no damage.
It was a potion of attraction.
You feel attractive to monsters.
* * * LOW HITPOINT WARNING * * *
You feel sick. The water moccasin bites you.
* * * LOW HITPOINT WARNING * * *
You are more poisoned.
The water moccasin poisons you!
You are confused.
You feel invigorated.
* * * LOW HITPOINT WARNING * * *
You feel very sick.
The water moccasin bites you but does no damage.
* * * LOW HITPOINT WARNING * * *
You feel very sick.
You bump into the rock wall.
* * * LOW HITPOINT WARNING * * *
You feel very sick. The water moccasin bites you.
You die...

#.#.# #. ##.#.## #.
###.....####### ##
..........w...< #
#.....###### # #..........#
# ####..#.#####w####
######### .........## #S#..
.......[# .###......###@#.#
#######.#
#.......##.#.######## #.#
#....................# #.#
##.......#........##.#####..
#.......#..#.###.##........
#.#.....#..#.# #.##########
............#.# #.# #
##..........#.# #.# #
.............# #.##########


You could see a water moccasin and a worm.

Vanquished Creatures
  A jelly (D:4)
  A hound (D:4)
  Ijyb (D:3)
  An adder (D:2)
  An orc (D:3)
  5 endoplasms
  2 giant cockroaches
  5 goblins
  7 hobgoblins
  9 jackals
  8 quokkas
  3 ball pythons
  7 bats
  7 frilled lizards
  11 kobolds
  A rat (D:1)
70 creatures vanquished.

Notes
Turn   | Place    | Note
-------+----------+-------------------------------------------
     0 | D:1      | garrulousMonolith the Minotaur Hunter began the quest for
                  | the Orb.
     0 | D:1      | Reached XP level 1. HP: 18/18 MP: 0/0
   169 | D:1      | Reached skill level 1 in Stealth
   180 | D:1      | Reached XP level 2. HP: 25/25 MP: 1/1
   892 | D:2      | Reached XP level 3. HP: 30/30 MP: 2/2
   904 | D:2      | Reached skill level 1 in Armour
  1070 | D:2      | Reached skill level 5 in Ranged Weapons
  1270 | D:3      | Noticed justen's ghost (amateur MfSh)
  1271 | D:3      | Found a transporter.
  1277 | D:3      | Found a transporter.
  1353 | D:3      | Found an opulent altar of Gozag.
  1478 | D:3      | Reached XP level 4. HP: 38/38 MP: 3/3
  1647 | D:3      | Found a faded altar of an unknown god.
  1712 | D:3      | Noticed Ijyb
  1793 | D:3      | Killed Ijyb
  1999 | D:4      | Found a staircase to the Ecumenical Temple.
  2020 | Temple   | Entered the Ecumenical Temple
  2039 | Temple   | Became a worshipper of Warmaster Okawaru
  2147 | D:4      | Reached XP level 5. HP: 37/45 MP: 4/4
  2326 | D:4      | Noticed a water moccasin
  2358 | D:4      | HP: 2/45 [poisoned by a water moccasin]
  2359 | D:4      | Slain by a water moccasin

Illustrated notes

Levels and vault maps discovered:
D:1:      lemuel_arrival_river_ford, layout_basic
D:2:      layout_loops_ring
D:3:      layout_rooms, mainiacjoe_overflow_boulevard, serial_corexii_hall,
          chequers_hall_statues_corner_a, corexii_hall_statues_t,
          chequers_hall_statues_y, basic_ecumenical_altar,
          gammafunk_ghost_arena, uniq_ijyb
D:4:      layout_loops_ring, minmay_temple_entry_junction, serial_shops, shop
Temple:   nicolae_temple_god_jail

Skill      XL: |  1  2  3  4  5 |
---------------+----------------+-----
Stealth        | 1 |  1.9
Fighting       | 3 |  3.4
Armour         | 1 2 |  2.0
Ranged Weapons | 5 |  5.5
Dodging        | 3 |  3.1
Invocations    | |  0.2

Action                     |  1- 3 |  4- 6 || total
---------------------------+-------+-------++-------
  Melee: Hand axe          |       |    21 ||    21
         Dagger            |       |    11 ||    11
         Headbutt          |       |     5 ||     5
         Unarmed           |       |     2 ||     2
   Fire: Shortbow          |   134 |    56 ||   190
    Use: Scroll            |       |     2 ||     2
         Potion            |       |     5 ||     5
 Armour: Leather armour    |     5 |       ||     5
         Ring mail         |    25 |    12 ||    37
         Chain mail        |       |    43 ||    43
         Skin              |       |    17 ||    17
  Dodge: Dodged            |    51 |    32 ||    83

Table legend: (Time is in decaauts)
 A = Elapsed time spent in this place.
 B = Non-inter-level travel time spent in this place.
 C = Inter-level travel time spent in this place.
 D = Time resting spent in this place.
 E = Time spent auto-exploring this place.
 F = Levels seen in this place.
 G = Mean time per level.
                   A        B        C        D        E       F      G
               +--------+--------+--------+--------+--------+-----+--------+
         Total |   2405 |   2333 |     72 |     97 |   1695 |   5 |  481.0 |
       Dungeon |   2374 |   2314 |     60 |     97 |   1695 |   4 |  593.5 |
        Temple |     31 |     19 |     12 |      0 |      0 |   1 |   31.0 |
               +--------+--------+--------+--------+--------+-----+--------+

Top non-repeatable levels by time:
     D:1: 719 daAuts
     D:3: 639 daAuts
     D:2: 571 daAuts
     D:4: 444 daAuts
  Temple: 31 daAuts
